 Dungeon Crawl Stone Soup version 0.29.1-1-gd02db6906a (webtiles) character file.

Game seed: 7886552754960957656

735 mtoz the Chopper (level 7, 0/43 HPs)
             Began as a Gargoyle Gladiator on Sept 21, 2022.
             Slain by a wight
             ... wielding a +4 war axe
              (9 damage)
             ... on level 4 of the Dungeon.
             The game lasted 00:13:28 (4627 turns).

mtoz the Chopper (Gargoyle Gladiator)               Turns: 4627, Time: 00:13:29

Health: 0/43       AC: 16    Str: 19    XL:     7   Next: 74%
Magic:  9/9        EV: 10    Int:  9    God:
Gold:   167        SH:  0    Dex: 11    Spells: 6/6 levels left

rFire   + . .      SeeInvis .   a - +0 war axe
rCold   . . .      Faith    .   (no shield)
rNeg    + . .      Spirit   .   p - +0 scale mail
rPois   ∞          Reflect  .   c - +0 helmet
rElec   +          Harm     .   t - +0 cloak
rCorr   .          Rampage  .   (no gloves)
Will    +....                   n - +1 pair of boots
Stlth   ..........              (no amulet)
HPRegen 0.14/turn               A - ring of willpower
MPRegen 0.11/turn               r - ring of protection from fire

@: no status effects
A: sickness immunity, AC +4, negative energy resistance 1, electricity
resistance, torment resistance 1, petrification resistance
a: no special abilities


You were on level 4 of the Dungeon.
You visited 1 branch of the dungeon, and saw 5 of its levels.

You collected 167 gold pieces.

Inventory:

Hand Weapons
 a - a +0 war axe (weapon)
 h - a +0 mace
 l - a +2 vorpal sling
 C - a +1 flail of protection
Missiles
 e - a throwing net
 j - 36 stones (quivered)
 m - 4 boomerangs
 y - 4 silver javelins
 B - 13 poisoned darts
 D - a boomerang of dispersal
Armour
 c - a +0 helmet (worn)
 n - a +1 pair of boots (worn)
 p - a +0 scale mail (worn)
 t - a +0 cloak (worn)
Jewellery
 r - a ring of protection from fire (right hand)
 A - a ring of willpower (left hand)
Wands
 v - a wand of quicksilver (3)
Scrolls
 d - a scroll of immolation {unknown}
 f - 2 scrolls of amnesia {unknown}
 g - 2 scrolls of vulnerability {unknown}
 k - 3 scrolls of identify {unknown}
 q - 3 scrolls of fear {unknown}
 u - a scroll of teleportation {unknown}
 z - a scroll of magic mapping {unknown}
Potions
 b - 7 potions of curing {unknown}
 i - 2 potions of degeneration {unknown}
 o - 2 potions of resistance {unknown}
 s - 2 potions of lignification {unknown}
 w - 2 potions of mutation {unknown}
 x - a potion of invisibility {unknown}


   Skills:
 + Level 4.1 Fighting
 + Level 4.1 Axes
 + Level 3.4 Throwing
 + Level 3.2 Armour
 - Level 2.4 Dodging
 + Level 3.4 Invocations
 + Level 2.9 Evocations


You had 6 spell levels left.
You didn't know any spells.
Your spell library contained the following spells:

 Spells                   Type           Power      Damage    Failure   Level
 Conjure Ball Lightning   Conj/Air       0%         3x3d6     100%        6
 Discord                  Hex            0%         N/A       100%        8
 Disjunction              Tloc           0%         N/A       100%        8


Dungeon Overview and Level Annotations

Branches:
Dungeon (5/15)
 Temple: D:4-7

Altars:
Elyvilon
Trog

Shops:
D:2 (   D:3 !   D:5 !

Annotations:
D:5 1 transporter, raistware's ghost, novice OpCj


Innate Abilities, Weirdness & Mutations

You are immune to sickness and miasma.
Your stone body is resilient. (AC +4)
You are immune to poison.
You resist negative energy. (rN+)
You are resistant to electric shocks. (rElec)
You are resistant to unholy torment.
You are immune to petrification.


Message History

You throw a stone.
The stone hits the wight but does no damage.
An iguana comes into view.
The wight misses you.
You closely miss the wight. The wight barely misses you.
The wight hits you with a +4 war axe. The wight attacks as you move away!
The wight barely misses you. The wight attacks as you move away!
The wight closely misses you. The wight attacks as you move away!
The wight hits you with a +4 war axe.
The hound barks!
You see here a jackal corpse.
The wight attacks as you move away! The wight hits you but does no damage.
There is a stone staircase leading up here.
The hound stops to sniff the ground.
The wight hits you with a +4 war axe.
You climb upwards.
There is a stone staircase leading down here.
You closely miss the wight. The wight hits you with a +4 war axe!
You are too injured to fight recklessly!
You are too injured to fight recklessly!
You are too injured to fight recklessly!
You barely miss the wight. The wight hits you with a +4 war axe!
Sorry, you're not good enough to have a special ability.
Okay, then.
You closely miss the wight. The wight hits you but does no damage.
You closely miss the wight. The wight hits you but does no damage.
The wight hits you with a +4 war axe.
You slash the wight!
The wight is heavily damaged.
The wight hits you with a +4 war axe.
* * * LOW HITPOINT WARNING * * *
You hit the wight but do no damage.
The wight is heavily damaged.
The wight closely misses you. The wight attacks as you move away!
The wight hits you with a +4 war axe.
* * * LOW HITPOINT WARNING * * *
You closely miss the wight.
The wight is heavily damaged.
The wight hits you with a +4 war axe!
You die...

.######.#####.##.#
........[..##.##.#
#.......##)##.##.#
#.########.##.##.#
#.# #....<..##.#
..# #.##.#####.#
..# #.##.# #.# ..#
#.##.# #z# ..#
#.##.# #@#
.######.##.# #.#
........##.# #.#
.#########.#####.#
.................#
.#########.#######
.# #.# .# #.# ##
#.#


You could see a wight.

Vanquished Creatures
  A phantom (D:4)
  2 necrophages
  2 scorpions (D:4)
  A centaur zombie (D:4)
  A bullfrog zombie (D:4)
  A hound (D:4)
  An orc priest (D:3)
  Natasha (thrice) (D:3)
  An orc wizard (D:4)
  An iguana (D:4)
  A hound zombie (D:4)
  5 adders
  2 adder skeletons (D:4)
  A worm (D:2)
  4 dart slugs
  5 orcs
  10 endoplasms
  6 giant cockroaches
  6 goblins
  5 hobgoblins
  10 jackals
  8 kobolds
  4 quokkas
  7 ball pythons
  6 bats
  8 frilled lizards
  9 rats
111 creatures vanquished.

Vanquished Creatures (others)
  A butterfly (D:4)
  A plant (D:1)
  A withered plant (D:4)
3 creatures vanquished.

Grand Total: 114 creatures vanquished

Notes
Turn   | Place    | Note
-------+----------+-------------------------------------------
     0 | D:1      | mtoz the Gargoyle Gladiator began the quest for the Orb.
     0 | D:1      | Reached XP level 1. HP: 12/12 MP: 1/1
   146 | D:1      | Reached XP level 2. HP: 17/17 MP: 2/2
   511 | D:1      | Reached skill level 1 in Armour
   660 | D:1      | Reached XP level 3. HP: 22/22 MP: 3/3
   668 | D:1      | Reached skill level 1 in Invocations
  1264 | D:2      | Reached skill level 1 in Evocations
  1520 | D:2      | Found Puqeerr's Weapon Boutique.
  1540 | D:2      | Reached XP level 4. HP: 25/27 MP: 5/5
  1804 | D:3      | Noticed Natasha
  1806 | D:3      | Killed Natasha
  1975 | D:3      | Reached XP level 5. HP: 24/32 MP: 6/6
  2084 | D:3      | Noticed Natasha
  2101 | D:3      | Killed Natasha
  2368 | D:3      | Noticed Natasha
  2381 | D:3      | Killed Natasha
  2599 | D:3      | Found Yplanuh's Distillery.
  2795 | D:3      | Found a bloodstained altar of Trog.
  3021 | D:4      | Reached XP level 6. HP: 34/37 MP: 7/7
  3792 | D:4      | Found a white marble altar of Elyvilon.
  3831 | D:4      | Reached XP level 7. HP: 40/42 MP: 9/9
  4448 | D:5      | Entered Level 5 of the Dungeon
  4473 | D:5      | Found a transporter.
  4473 | D:5      | Found Nifakh's Distillery.
  4474 | D:5      | Noticed raistware's ghost (novice OpCj)
  4627 | D:4      | Slain by a wight

Illustrated notes

Levels and vault maps discovered:
D:1:      dpeg_arrival_rhombus, layout_loops_ring, serial_bayou_pond_b
D:2:      layout_loops_cross, serial_shops, nicolae_shop_bloodbath_and_beyond,
          minmay_pentomino_o2
D:3:      layout_basic, trog_butcher_becter, serial_shops, nicolae_square_shop,
          uniq_natasha
D:4:      layout_loops_ring, nicolae_elyvilon_peaceful_grove, serial_undead,
          serial_undead_f, serial_undead_e, serial_undead_b, serial_undead_c
D:5:      gammafunk_wand_slinger, layout_rooms, serial_shops, kennysheep_mini,
          nicolae_shop_crystal, shop, gammafunk_ghost_arena

Skill      XL: |  1  2  3  4  5  6  7 |
---------------+----------------------+-----
Throwing       | 2 3 |  3.4
Armour         | 1 2 3 |  3.2
Invocations    | 1 2 3 |  3.4
Axes           | 3 4 |  4.1
Evocations     | 1 2 |  2.9
Fighting       | 3 4 |  4.1
Dodging        | |  2.4

Action                   |  1- 3 |  4- 6 |  7- 9 || total
-------------------------+-------+-------+-------++-------
Melee: War axe           |   120 |   201 |    65 ||   386
       Punch             |       |     3 |       ||     3
Throw: Throwing net      |     1 |     2 |       ||     3
       Javelin           |       |     1 |       ||     1
       Stone             |       |       |     6 ||     6
Armor: Leather armour    |    17 |       |       ||    17
       Ring mail         |    18 |       |       ||    18
       Scale mail        |    30 |   122 |    42 ||   194
Dodge: Dodged            |    81 |   126 |    52 ||   259
